AoeStats
← PeterMT2699

Arabia

510297145Analyzed
2v2 RM · 2d ago on Sep 30, 2026· 48m 0s· 4 players
Game mode
Random Map
Map size
Medium (4 player)
Population
200
Speed
Normal
Resources
Standard
Victory
Conquest
Starting age
Dark Age
Ending age
Imperial Age
RankedLock teamsTeams togetherTeam positionsShared explorationLock speedFull tech treeHidden civsTurbo modeCheats
Victory
Defeat
🇻🇳 Turks · Vietnam
946
+14
🇫🇷 Magyars · France
864
+17
🇫🇷 Cumans · France
939
-18
🇫🇷 Japanese · France
842
-16
Ombrias
5:58 Loom
11:02 Feudal Age
20:00 Fletching
27:03 Castle Age
27:43 Pikeman
28:09 Gambesons
28:59 Gambesons
31:32 Double-Bit Axe
41:38 Husbandry
41:57 Bloodlines
43:04 Scale Barding Armor
44:44 Man-at-Arms
Scloki
6:35 Loom
9:05 Feudal Age
10:01 Double-Bit Axe
13:17 Horse Collar
16:38 Wheelbarrow
18:49 Bloodlines
18:54 Town Watch
19:47 Scale Mail Armor
19:54 Scale Barding Armor
22:29 Forging
26:38 Castle Age
29:13 Chain Mail Armor
29:19 Chain Barding Armor
29:35 Iron Casting
36:22 Light Cavalry
40:17 Imperial Age
38:16 Heavy Plow
38:28 Bow Saw
40:18 Fletching
40:28 Padded Archer Armor
40:53 Gold Mining
40:53 Stone Mining
41:09 Cuman Mercenaries
41:10 Steppe Husbandry
41:27 Hussar
45:22 Blast Furnace
44:52 Plate Mail Armor
Saryle
13:30 Feudal Age
13:37 Man-at-Arms
22:13 Castle Age
21:04 Scale Mail Armor
20:55 Horse Collar
21:02 Double-Bit Axe
21:35 Stone Mining
22:11 Gold Mining
31:50 Bow Saw
31:43 Town Watch
31:46 Loom
33:36 Pikeman
35:34 Corvinian Army
36:01 Scale Barding Armor
35:58 Padded Archer Armor
36:56 Elite Skirmisher
41:05 Imperial Age
39:39 Husbandry
39:51 Bloodlines
40:13 Leather Archer Armor
42:19 Halberdier
43:24 Conscription
42:49 Capped Ram
43:55 Cavalier
45:28 Chain Barding Armor
PeterMT2699
6:42 Loom
10:18 Feudal Age
10:56 Double-Bit Axe
11:08 Horse Collar
15:59 Forging
16:53 Bloodlines
17:40 Scale Barding Armor
20:18 Wheelbarrow
19:36 Gold Mining
19:41 Stone Mining
23:49 Castle Age
25:10 Husbandry
25:51 Iron Casting
25:38 Chain Barding Armor
27:38 Hand Cart
31:44 Town Watch
32:41 Fletching
35:11 Sipahi
35:06 Bodkin Arrow
38:36 Bow Saw
38:56 Padded Archer Armor
41:42 Imperial Age
40:28 Sanctity
40:36 Ballistics
40:27 Masonry
43:04 Town Patrol
44:07 Plate Barding Armor
44:34 Blast Furnace
47:21 Elite Janissary
48:10 Artillery
48:35 Leather Archer Armor
Connection lost

Rejoining the realm…

Still unreachable

The connection could not be restored.

Session expired

The server has moved on; the page needs a fresh start.